 Dungeon Crawl Stone Soup version 0.29-a0-892-g2c4c91d9db (webtiles) character file.

Game seed: 655859006309838363

1092 Mesmaeker13 the Caller (level 8, -9/41 HPs)
             Began as a Tengu Summoner on July 22, 2022.
             Was an Initiate of Cheibriados.
             Killed by divine providence
             ... invoked by an orc priest
              (12 damage)
             ... on level 6 of the Dungeon.
             The game lasted 00:11:01 (6414 turns).

Mesmaeker13 the Caller (Tengu Summoner)             Turns: 6414, Time: 00:11:01

Health: -9/41      AC:  6    Str:  9    XL:     8   Next: 31%
Magic:  16/16      EV: 15    Int: 19    God:    Cheibriados [......]
Gold:   327        SH:  0    Dex: 16    Spells: 4/17 levels left

rFire   . . .      SeeInvis .   n - +0 quarterstaff
rCold   . . .      Faith    .   (shield currently unavailable)
rNeg    . . .      Spirit   .   r - +0 acid dragon scales
rPois   .          Reflect  .   (helmet restricted)
rElec   .          Harm     .   (no cloak)
rCorr   +          Rampage  .   (no gloves)
Will    .....                   (boots unavailable)
Stlth   ++........              (no amulet)
HPRegen 0.13/turn               (no ring)
MPRegen 0.15/turn               (no ring)

@: flying quickly and evasively, slow
A: beak, talons 3, nimble flight, screaming 1, subdued magic 1
a: Renounce Religion


You were on level 6 of the Dungeon.
You worshipped Cheibriados.
Cheibriados was noncommittal.
You visited 2 branches of the dungeon, and saw 7 of its levels.

You collected 327 gold pieces.

Inventory:

Hand Weapons
 g - a +0 long sword
 n - a +0 quarterstaff (weapon)
Missiles
 k - 4 curare-tipped darts (quivered)
 l - 3 poisoned darts
Armour
 o - a +1 robe of willpower
 r - +0 acid dragon scales (worn)
 v - a +3 ring mail
Jewellery
 u - a ring of fire
Wands
 t - a wand of paralysis (9)
Scrolls
 c - a scroll of poison {unknown}
 d - 2 scrolls of identify {unknown}
 e - a scroll of amnesia {unknown}
 f - 4 scrolls of enchant weapon
 h - a scroll of vulnerability {unknown}
 i - 2 scrolls of immolation
 j - a scroll of fear {unknown}
 q - a scroll of blinking {unknown}
 s - 2 scrolls of magic mapping {unknown}
 w - a scroll of brand weapon {unknown}
Potions
 b - a potion of magic
 m - a potion of heal wounds {unknown}
 p - a potion of degeneration {unknown}


   Skills:
 + Level 3.6 Armour
 - Level 4.4 Dodging
 - Level 2.0 Stealth
 + Level 5.0 Spellcasting
 + Level 2.4 Hexes
 + Level 7.7 Summonings


You had 4 spell levels left.
You knew the following spells:

 Your Spells              Type           Power      Damage    Failure   Level
a - Summon Small Mammal   Summ           100%       N/A       1%          1
b - Call Imp              Summ           26%        N/A       1%          2
c - Call Canine Familiar  Summ           26%        N/A       1%          3
d - Summon Guardian Gole  Hex/Summ       18%        N/A       6%          3
e - Summon Lightning Spi  Summ/Air       15%        N/A       34%         4

Your spell library contained the following spells:

 Spells                   Type           Power      Damage    Failure   Level
 Portal Projectile        Hex/Tloc       14%        N/A       32%         3
 Leda's Liquefaction      Hex/Erth       3%         N/A       73%         4
 Orb of Destruction       Conj           1%         9d5       100%        7
 Spellforged Servitor     Conj/Summ      7%         N/A       100%        7


Dungeon Overview and Level Annotations

Branches:
Dungeon (6/15)             Temple (1/1) D:4

Altars:
Ashenzari
Cheibriados
Dithmenos
Elyvilon
Fedhas
Gozag
Hepliaklqana
Kikubaaqudgha
Makhleb
Nemelex Xobeh
Okawaru
Qazlal
Ru
Sif Muna
Uskayaw
Vehumet
Xom
The Shining One

Annotations:
D:4 1 runed translucent door, Crazy Yiuf


Innate Abilities, Weirdness & Mutations

You have a beak for a mouth.
You have claws for feet.
Your magical nature lets you fly swiftly and evasively.
You occasionally shout uncontrollably at your foes.
Your spells are a little easier to cast, but a little less powerful.


Message History

Found a stone staircase leading down.
You yell at the orc priest!
An orc priest comes into view.
It is wielding a +0 flail of protection.
The orc priest shouts!
You hear a shout! x3
Casting: Call Canine Familiar (safe; 1% risk of failure)
Confirm with . or Enter, or press ? or * to list all spells.
An orc comes into view. It is wielding a +0 hand axe.
An orc priest comes into view. It is wielding a +0 dagger.
You yell at the orc!
An orc comes into view. It is wielding a +0 short sword.
The orc shouts!
Your hound bites the orc priest but does no damage. x2
The orc priest invokes the aid of Beogh against you.
Beogh smites you!
The orc priest miscasts a cantrip.
Your hound bites the orc priest but does no damage.
The orc priest barely misses your hound.
Your hound bites the orc priest.
Your hound bites the orc priest but does no damage.
The orc priest mumbles some strange prayers to Beogh against you.
Beogh smites you!
Your hound bites the orc priest.
The orc priest calls down the wrath of Beogh upon you.
Your hound barely resists.
Your hound barely misses the orc priest.
The orc priest barely misses your hound.
Your hound bites the orc priest but does no damage.
Your hound closely misses the orc priest.
The orc priest hits your hound with a +0 flail of protection!
There is a stone staircase leading down here.
Your hound barely misses the orc priest.
Your hound barely misses the orc priest.
The orc priest hits your hound with a +0 flail of protection!
Your hound dies!
Your hound's corpse disappears in a puff of smoke!
The orc priest invokes the aid of Beogh against you.
Beogh smites you!
* * * LOW HITPOINT WARNING * * *
The orc priest mumbles some strange prayers to Beogh against you.
Beogh smites you!
You die...

#### #. #.. #. ##.#### #.#
#...... ##.####...###
.###...#.......#
........<......##
###...#......@.#
###........##.# ###
##.........<##.# ...
#.....########.# #.#
##.##.# #.# #.# #.##.# #o#
#.# #.##.########.#####
#.#
#............[o...#####.##
#.###########.......o....#


You could see an orc priest and an orc.

Vanquished Creatures
  Menkaure (D:4)
  An orc priest (D:5)
  A hound (D:5)
  3 iguanas (D:5)
  A gnoll (D:5)
  A worm (D:3)
  3 dart slugs
  8 orcs
  6 ball pythons
  A bat (D:2)
  3 endoplasms
  2 giant cockroaches
  5 goblins (D:4)
  A hobgoblin (D:1)
  4 jackals
  5 kobolds
  6 frilled lizards
  A rat (D:1)
53 creatures vanquished.

Vanquished Creatures (collateral kills)
  An ogre (D:4)
  A necrophage (D:4)
  A howler monkey (D:4)
  A jelly (D:5)
  A hound (D:5)
  2 iguanas (D:4)
  2 orc wizards
  Robin (D:4)
  4 adders
  A gnoll (D:5)
  A worm (D:2)
  2 dart slugs
  3 orcs (D:5)
  A ball python (D:2)
  3 bats
  2 endoplasms
  A giant cockroach (D:2)
  4 goblins
  8 hobgoblins
  A jackal (D:5)
  A kobold (D:1)
  2 rats (D:2)
44 creatures vanquished.

Vanquished Creatures (others)
  A water moccasin (D:5)
  An ogre (D:5)
  Blork the orc (D:5)
  A gnoll bouda (D:5)
  An orc wizard (D:5)
  A gnoll (D:5)
6 creatures vanquished.

Grand Total: 103 creatures vanquished

Notes
Turn   | Place    | Note
-------+----------+-------------------------------------------
     0 | D:1      | Mesmaeker13 the Tengu Summoner began the quest for the Orb.
     0 | D:1      | Reached XP level 1. HP: 10/10 MP: 4/4
   285 | D:1      | Reached skill level 5 in Summonings
   285 | D:1      | Reached XP level 2. HP: 15/15 MP: 3/6
  1159 | D:1      | Reached XP level 3. HP: 14/19 MP: 5/7
  1472 | D:2      | Learned a level 2 spell: Call Imp
  1845 | D:2      | Found an iron altar of Okawaru.
  1872 | D:2      | Found a faded altar of an unknown god.
  2228 | D:3      | Found a stormy altar of Qazlal.
  2246 | D:3      | Learned a level 3 spell: Call Canine Familiar
  2252 | D:3      | Found a shimmering altar of Xom.
  2419 | D:3      | Found a blossoming altar of Fedhas.
  2556 | D:4      | Reached XP level 4. HP: 24/24 MP: 9/9
  2559 | D:4      | Noticed Robin
  2568 | D:4      | Killed Robin
  2799 | D:4      | Found a hide-covered altar of Uskayaw.
  2814 | D:4      | Gained mutation: Your magical nature lets you fly swiftly
                  | and evasively. [Tengu growth]
  2814 | D:4      | Reached XP level 5. HP: 15/28 MP: 4/10
  2960 | D:4      | Reached skill level 6 in Summonings
  3286 | D:4      | Reached XP level 6. HP: 27/32 MP: 9/12
  3412 | D:4      | Found an opulent altar of Gozag.
  3489 | D:4      | Learned a level 3 spell: Summon Guardian Golem
  3692 | D:4      | Noticed Menkaure
  3700 | D:4      | Killed Menkaure
  3701 | D:4      | Reached skill level 1 in Armour
  3975 | D:4      | Reached skill level 1 in Hexes
  3975 | D:4      | Reached XP level 7. HP: 36/36 MP: 7/14
  4038 | D:4      | Found a runed translucent door.
  4039 | D:4      | Noticed Crazy Yiuf
  4414 | D:5      | Entered Level 5 of the Dungeon
  4605 | D:5      | Reached skill level 7 in Summonings
  4924 | D:5      | Found a shadowy altar of Dithmenos.
  4974 | D:5      | Found a glowing golden altar of the Shining One.
  5113 | D:4      | Found a staircase to the Ecumenical Temple.
  5120 | Temple   | Entered the Ecumenical Temple
  5406 | Temple   | Became a worshipper of Cheibriados the Contemplative
  5417 | Temple   | Gained mutation: Your spells are a little easier to cast,
                  | but a little less powerful. [potion of mutation]
  5417 | Temple   | Gained mutation: You occasionally shout uncontrollably at
                  | your foes. [potion of mutation]
  5425 | D:5      | Noticed Blork the orc
  5437 | D:5      | Killed Blork the orc
  5438 | D:5      | Reached XP level 8. HP: 17/41 MP: 9/16
  5755 | D:5      | Found a sparkling altar of Nemelex Xobeh.
  6271 | D:5      | Reached skill level 5 in Spellcasting
  6370 | D:6      | Learned a level 4 spell: Summon Lightning Spire
  6407 | D:6      | HP: 1/41 [orc priest/divine providence (14)]
  6414 | D:6      | Killed from afar by an orc priest

Illustrated notes

Levels and vault maps discovered:
D:1:      giann_horns, layout_basic
D:2:      layout_loops_ring, basic_altar, hellmonk_ecumenical_altar_blasted,
          kennysheep_potato
D:3:      layout_basic, okawaru_altar_gauntlet_db,
          amethyst_overflow_temple_binary, mainiacjoe_overflow_alcove_1,
          minmay_misc_feat_rugged
D:4:      layout_loops_corners, grunt_gozag_breadcrumbs, lemuel_tele_altar,
          minmay_temple_entry_from_below_a, grunt_decor_clamped, minivault_14,
          uniq_crazy_yiuf_cottage, uniq_robin, uniq_menkaure
D:5:      layout_loops_cross, mainiacjoe_overflow_alcove_4,
          mainiacjoe_overflow_large_starburst, minmay_misc_feat_chi,
          minmay_crossroads, uniq_blork_the_orc
D:6:      cheibrodos_steamvent, layout_loops_ring, overflow_temple_1_default,
          serial_shops, nicolae_shop_temple_entry_statues_fountains
Temple:   compressed_dpeg_triangle_lava_temple

Skill      XL: |  1  2  3  4  5  6  7  8 |
---------------+-------------------------+-----
Summonings     | 5 6 7 |  7.7
Dodging        | 3 4 |  4.4
Spellcasting   | 3 4 5 |  5.0
Armour         | 1 3 |  3.6
Hexes          | 1 2 |  2.4
Stealth        | |  2.0

Action                   |  1- 3 |  4- 6 |  7- 9 || total
-------------------------+-------+-------+-------++-------
Melee: Unarmed           |    21 |       |       ||    21
       Kick              |    22 |     8 |    15 ||    45
       Peck              |    11 |     5 |    10 ||    26
       Dagger            |    47 |       |       ||    47
       Quarterstaff      |     1 |    31 |    49 ||    81
Throw: Dart              |       |     6 |       ||     6
 Cast: Summon Small Mamm |    25 |     1 |       ||    26
       Call Imp          |     8 |     9 |     3 ||    20
       Call Canine Famil |     1 |    12 |    14 ||    27
       Summon Guardian G |       |       |     5 ||     5
Evoke: Wand              |       |       |     1 ||     1
  Use: Scroll            |     1 |       |     2 ||     3
       Potion            |       |       |     2 ||     2
 Stab: Sleeping          |     1 |       |       ||     1
       Paralysed         |       |       |     2 ||     2
Armor: Robe              |    16 |     2 |       ||    18
       Acid dragon scale |       |     2 |    12 ||    14
Dodge: Dodged            |    57 |    22 |    46 ||   125

Table legend: (Time is in decaauts)
 A = Elapsed time spent in this place.
 B = Non-inter-level travel time spent in this place.
 C = Inter-level travel time spent in this place.
 D = Time resting spent in this place.
 E = Time spent auto-exploring this place.
 F = Levels seen in this place.
 G = Mean time per level.
                   A        B        C        D        E       F      G
               +--------+--------+--------+--------+--------+-----+--------+
         Total |   6391 |   6139 |    252 |    672 |   4284 |   7 |  913.0 |
       Dungeon |   6119 |   5894 |    225 |    672 |   4050 |   6 | 1019.8 |
        Temple |    272 |    245 |     27 |      0 |    234 |   1 |  272.0 |
               +--------+--------+--------+--------+--------+-----+--------+

Top non-repeatable levels by time:
     D:4: 1850 daAuts
     D:5: 1540 daAuts
     D:1: 1467 daAuts
     D:2: 677 daAuts
     D:3: 498 daAuts
  Temple: 272 daAuts
     D:6: 84 daAuts
